 Dungeon Sprint DCSS version 0.29.1-1-gd02db6906a (webtiles) character file.

Game seed: 17323665806793213971

169 Groucho the Shield-Bearer (level 5, -4/36 HPs)
             Began as a Gargoyle Fighter on Oct 4, 2022.
             Was a Believer of Qazlal.
             Slain by an ogre
             ... wielding a +0 giant club
              (20 damage)
             ... in the Dungeon (Sprint VII: "The Pits").
             The game lasted 00:02:14 (456 turns).

Groucho the Shield-Bearer (Gargoyle Fighter)         Turns: 456, Time: 00:02:15

Health: -4/36      AC: 18    Str: 21    XL:     5   Next: 50%
Magic:  7/8        EV:  6    Int:  9    God:    Qazlal [**....]
Gold:   0          SH:  8    Dex:  9    Spells: 4/4 levels left

rFire   . . .      SeeInvis .   k - +2 hand axe (venom)
rCold   . . .      Faith    .   c - +0 buckler
rNeg    + . .      Spirit   .   p - +2 plate armour
rPois   ∞          Reflect  .   (no helmet)
rElec   +          Harm     .   (no cloak)
rCorr   .          Rampage  .   (no gloves)
Will    .....      NoTele   +   (no boots)
Stlth   ..........              (no amulet)
HPRegen 0.12/turn               (no ring)
MPRegen 0.11/turn               (no ring)

@: no status effects
A: sickness immunity, AC +4, negative energy resistance 1, electricity
resistance, torment resistance 1, petrification resistance
a: Renounce Religion, Upheaval


You were in the Dungeon.
You worshipped Qazlal.
Qazlal was pleased with you.
You visited 1 branch

Inventory:

Hand Weapons
 k - a +2 hand axe of venom (weapon)
 l - a +2 mace
Missiles
 o - 10 stones (quivered)
Armour
 c - a +0 buckler (worn)
 p - a +2 plate armour (worn)
Scrolls
 j - a scroll of blinking
 m - 5 scrolls of amnesia
 n - a scroll of summoning
Potions
 a - 2 potions of invisibility
 d - a potion of might
 e - 6 potions of curing
 f - 6 potions of heal wounds
 g - a potion of haste
 h - 4 potions of magic
 i - 3 potions of berserk rage


   Skills:
 + Level 6.2 Fighting
 + Level 4.6 Axes
 + Level 6.2 Armour
 + Level 6.2 Shields
 + Level 4.9 Invocations


You had 4 spell levels left.
You didn't know any spells.
Your spell library was empty.

Dungeon Overview and Level Annotations

Branches:
Dungeon (1/1)

Altars:
Ashenzari
Cheibriados
Dithmenos
Elyvilon
Fedhas
Gozag
Hepliaklqana
Kikubaaqudgha
Makhleb
Nemelex Xobeh
Okawaru
Qazlal
Ru
Sif Muna
Trog
Uskayaw
Vehumet
Wu Jian
Xom
Yredelemnul
Zin
The Shining One
Jiyva
Lugonu


Innate Abilities, Weirdness & Mutations

You are immune to sickness and miasma.
Your stone body is resilient. (AC +4)
You are immune to poison.
You resist negative energy. (rN+)
You are resistant to electric shocks. (rElec)
You are resistant to unholy torment.
You are immune to petrification.


Message History

Qazlal accepts your kill.
Your Fighting skill increases to level 6!
Your Armour skill increases to level 6!
Your Shields skill increases to level 6!
Your Invocations skill increases to level 4!
You have reached level 5!
You barely miss the river rat.
The river rat bites you but does no damage.
You hit the river rat.
The river rat is poisoned.
The river rat is heavily wounded.
The river rat bites you but does no damage.
You barely miss the river rat.
The river rat is heavily wounded.
The river rat bites you but does no damage.
You barely miss the river rat.
The river rat is heavily wounded.
You block the river rat's attack. x2
You closely miss the river rat.
The river rat is severely wounded.
The river rat bites you but does no damage.
You barely miss the river rat.
The river rat is severely wounded.
You block the river rat's attack.
You slash the river rat!
You kill the river rat!
Qazlal accepts your kill.
You hit the ogre.
The ogre is lightly wounded.
The ogre hits you with a +0 giant club!!
Ouch! That really hurt!
You are too injured to fight recklessly!
You are too injured to fight recklessly!
Unknown command.
You are too injured to fight recklessly!
You are too injured to fight recklessly!
You closely miss the ogre.
The ogre is lightly wounded.
The ogre hits you with a +0 giant club!!
Ouch! That really hurt!
You die...

##########.##.....
#...........'.....
#'#####'#####.....
#.#...#.#[[##.....
#.#...#.#))#####'#
#.#...'.#))##.....
#.##)####))##.....
#.#.....#..##.....
#@#.....#'###...<.
#O#........##.....
#.#........##.....
#'###########.....
#.....r.# ######
#..#.#..# #.## #
#.. #.#


You could see an ogre.

Vanquished Creatures
  2 scorpions (D)
  Jessica (D)
  An adder (D)
  A river rat (D)
  An orc (D)
  An endoplasm (D)
  A ball python zombie (D)
  3 bats (D)
11 creatures vanquished.

Notes
Turn   | Place    | Note
-------+----------+-------------------------------------------
     0 | D        | Groucho the Gargoyle Fighter began the quest for the Orb.
     0 | D        | Reached XP level 1. HP: 14/14 MP: 1/1
    38 | D        | Found a bloodstained altar of Trog.
    38 | D        | Found a shimmering blue altar of Sif Muna.
    38 | D        | Found a viscous altar of Jiyva.
    38 | D        | Found a hazy altar of Hepliaklqana.
    38 | D        | Found an opulent altar of Gozag.
    39 | D        | Found a glowing golden altar of the Shining One.
    39 | D        | Found a glowing silver altar of Zin.
    39 | D        | Found a basalt altar of Yredelemnul.
    39 | D        | Found a shimmering altar of Xom.
    39 | D        | Found an ornate altar of the Wu Jian Council.
    39 | D        | Found a sacrificial altar of Ru.
    39 | D        | Found a stormy altar of Qazlal.
    39 | D        | Found an iron altar of Okawaru.
    39 | D        | Found a sparkling altar of Nemelex Xobeh.
    39 | D        | Found a burning altar of Makhleb.
    39 | D        | Found a blossoming altar of Fedhas.
    39 | D        | Found a white marble altar of Elyvilon.
    39 | D        | Found a shadowy altar of Dithmenos.
    39 | D        | Found a snail-covered altar of Cheibriados.
    41 | D        | Found a radiant altar of Vehumet.
    41 | D        | Found a corrupted altar of Lugonu.
    42 | D        | Found a hide-covered altar of Uskayaw.
    42 | D        | Found an ancient bone altar of Kikubaaqudgha.
    42 | D        | Found a broken altar of Ashenzari.
    56 | D        | Became a worshipper of Qazlal Stormbringer
    68 | D        | Noticed a scorpion
    76 | D        | Killed a scorpion
    77 | D        | Reached XP level 2. HP: 8/20 MP: 1/4
    77 | D        | Reached XP level 3. HP: 11/25 MP: 1/5
    77 | D        | Reached XP level 4. HP: 13/30 MP: 1/6
   354 | D        | Reached * piety under Qazlal
   355 | D        | Reached skill level 5 in Fighting
   355 | D        | Reached skill level 5 in Armour
   355 | D        | Reached skill level 5 in Shields
   366 | D        | Noticed Jessica
   367 | D        | Reached ** piety under Qazlal
   369 | D        | Killed Jessica
   438 | D        | Noticed an ogre
   438 | D        | Noticed a scorpion
   447 | D        | Killed a scorpion
   448 | D        | Reached XP level 5. HP: 36/36 MP: 6/8
   456 | D        | Slain by an ogre

Illustrated notes

Levels and vault maps discovered:
D:        pitsprint [storerooms_1, entrance_room_1, metal_vault_6, armoury_1,
          mini_pit_1, grid_room_1, main_hall_1, silver_pit, the_coven_1,
          the_vestibule_1, steel_vault_3, golden_pit, hallway_of_sentries,
          crystal_vault_3, iron_vault_4, final_vault]

Skill      XL: |  1  2  3  4 |
---------------+-------------+-----
Axes           | 3 4 |  4.6
Fighting       | 4 6 |  6.2
Armour         | 4 6 |  6.2
Shields        | 4 6 |  6.2
Invocations    | 3 4 |  4.9

Action                   |  1- 3 |  4- 6 || total
-------------------------+-------+-------++-------
Melee: Hand axe          |     8 |    25 ||    33
       War axe           |     2 |       ||     2
Armor: Scale mail        |     3 |     3 ||     6
       Plate armour      |       |     6 ||     6
Dodge: Dodged            |     6 |     5 ||    11
Block: Buckler           |     1 |    11 ||    12
